 Dungeon Crawl Stone Soup version 0.14.2 (webtiles) character file.

133 Amnesiac the Charlatan (level 3, -6/18 HPs)
             Began as a Spriggan Artificer on Feb 9, 2018.
             Mangled by an orc
             ... wielding a +0,+0 short sword
              (7 damage)
             ... on Level 3 of the Dungeon.
             The game lasted 00:01:52 (1357 turns).

Amnesiac the Charlatan (Spriggan Artificer)         Turns: 1357, Time: 00:01:52

HP  -6/18        AC  2     Str  8      XL: 3   Next: 64%
MP   8/8         EV 19     Int 13      God:
Gold 80          SH  0     Dex 16      Spells:  0 memorised,  2 levels left

rFire  . . .     SeeInvis +     a - +0 short sword
rCold  . . .     Clarity  .     n - +0 robe {MR+}
rNeg   . . .     Conserve .     (shield restricted)
rPois  .         rCorr    .     (helmet restricted)
rElec  .         rRot     .     (no cloak)
SustAb . .       Spirit   .     (gloves unavailable)
rMut   .         Warding  .     (boots unavailable)
Saprov . . .     Stasis   .     (no amulet)
MR     +....                    (no ring)
                                (no ring)

@: very quick, somewhat resistant to hostile enchantments, fairly stealthy
A: unfitting armour, see invisible, herbivore 3, speed 3, slow metabolism 2
a: no special abilities


You were on level 3 of the Dungeon.
You were not hungry.

You visited 2 branches of the dungeon, and saw 5 of its levels.

You collected 80 gold pieces.

Inventory:

Hand weapons
 a - a +0,+0 short sword (weapon)
 e - a +0,+0 club
Missiles
 j - 22 darts (quivered)
 m - 31 poisoned needles
Armour
 n - a +0 robe of magic resistance (worn)
Magical devices
 b - a wand of flame (11)
 c - a wand of enslavement (15)
 d - a wand of random effects (15)
Comestibles
 k - a bread ration
Scrolls
 g - 2 scrolls of enchant armour {!r, unknown}
 h - a scroll of remove curse {!r, unknown}
 i - 3 scrolls of identify {!r, unknown}
Potions
 f - a potion of porridge {!q}
 l - a potion of invisibility {!q, unknown}
 o - a potion of haste {!q, unknown}


   Skills:
 - Level 1.0 Fighting
 - Level 1.1 Short Blades
 + Level 3.7 Dodging
 - Level 1.5 Stealth
 * Level 5.9 Evocations


You had 2 spell levels left.
You didn't know any spells.

Dungeon Overview and Level Annotations

Branches:
Dungeon (4/15)             Temple (1/1) D:4

Altars:
Fedhas
Kikubaaqudgha
Trog
Vehumet
Xom
Yredelemnul
Lugonu


Innate Abilities, Weirdness & Mutations

You are tiny and cannot use many weapons and most armour.
You have supernaturally acute eyesight.
You are a herbivore.
You cover ground extremely quickly.
You need consume almost no food.


Message History

Moving in this stuff is going to be slow.
An orc comes into view. It is wielding a mace.
The orc shouts! 2 orcs come into view.
The orc shouts! x2
You closely miss the orc. You hit the orc.
The orc is lightly wounded.
The orc closely misses you. The orc hits you with a short sword.
You hit the orc but do no damage. The orc misses you. The orc misses you.
You hit the orc but do no damage. The orc closely misses you.
You hit the orc but do no damage. You hit the orc but do no damage.
The orc misses you.
You barely miss the orc. The orc hits you with a short sword.
You hit the orc.
The orc is heavily wounded.
The orc misses you.
You hit the orc.
The orc is almost dead.
You hit the orc.
The orc is severely wounded.
The orc closely misses you.
You hit the orc.
You kill the orc!
The orc hits you but does no damage.
You closely miss the orc. You hit the orc.
The orc is moderately wounded.
The orc misses you.
You barely miss the orc.
The orc is moderately wounded.
The orc hits you with a mace.
* * * LOW HITPOINT WARNING * * *
You closely miss the orc.
The orc is moderately wounded.
The orc completely misses you.
You barely miss the orc.
The orc is moderately wounded.
The orc misses you.
You hit the orc.
The orc is heavily wounded.
The orc hits you with a mace.
* * * LOW HITPOINT WARNING * * *
You barely miss the orc.
The orc is heavily wounded.
The orc misses you.
You barely miss the orc.
The orc is heavily wounded.
You hit the orc.
The orc is almost dead.
The orc misses you.
You hit the orc.
You kill the orc!
You barely miss the orc.
The orc is severely wounded.
The orc closely misses you.
You hit the orc.
The orc is almost dead.
The orc hits you with a short sword.
* * * LOW HITPOINT WARNING * * *
You barely miss the orc.
The orc is almost dead.
The orc hits you with a short sword!
You die...

..# #.# #.# ..#
#.# #(# <.# #.#
#.# #.. ..# #.#
#.# #..# ..#
#.########.# #..#
..# #%.........#
#..# ..#
#..........# #..#
..# #..#######o#
#..# ..# #..# #@#
#..# # ..# #..#
#.# #..# # .# ..
#..# #.#####..#
#..♣♣♣ #..#
#........####.♣♣♣≈
#..#
#............≈P≈PP
#..#
#..#####...♣♣♣♣≈PP
. #..# #.##≈♣PP≈P♣
#.)# #.##≈≈PP≈PP
#..# #.#≈≈≈≈≈♣≈P


You could see an orc.

Vanquished Creatures
  An adder (D:3)
  2 giant mites
  A worm (D:2)
  A giant gecko (D:3)
  An ooze (D:3)
  3 orcs (D:3)
  A giant cockroach (D:3)
  6 goblins
  A quokka (D:3)
  2 bats
19 creatures vanquished.

Notes
Turn   | Place    | Note
--------------------------------------------------------------
     0 | D:1      | Amnesiac, the Spriggan Artificer, began the quest for the Orb.
     0 | D:1      | Reached XP level 1. HP: 9/9 MP: 2/2
   109 | D:1      | Reached skill level 1 in Fighting
   115 | D:1      | Reached XP level 2. HP: 8/14 MP: 5/5
   644 | D:3      | Reached skill level 5 in Evocations
   730 | D:3      | Reached XP level 3. HP: 18/18 MP: 8/8
  1216 | D:4      | Found a staircase to the Ecumenical Temple.
  1236 | Temple   | Entered the Ecumenical Temple
  1357 | D:3      | Mangled by an orc

Action                   || total
-------------------------++-------
Melee: Short sword       ||    97
Evoke: Wand              ||     4
 Stab: Sleeping          ||     1
